 Dungeon Crawl Stone Soup version 0.27-a0-789-g6bb3289e1e (webtiles) character file.

Game seed: 8548912252944411337

25722 porpoise the Jinx (level 12, -4/72 HPs)
             Began as a Deep Elf Conjurer on Mar 26, 2021.
             Was an Elder of Vehumet.
             Slain by a meliai
             ... wielding a +0 hand axe
              (7 damage)
             ... on level 12 of the Dungeon.
             The game lasted 01:56:06 (19942 turns).

porpoise the Jinx (Deep Elf Conjurer)              Turns: 19942, Time: 01:56:22

Health: -4/72      AC: 14    Str:  8    XL:     12   Next: 92%
Magic:  7/21       EV: 14    Int: 28    God:    Vehumet [****..]
Gold:   637        SH:  0    Dex: 14    Spells: 2/21 levels left

rFire    . . .     SeeInvis .   b - +1 hunting sling
rCold    . . .     Faith    .   (no shield)
rNeg     . . .     Spirit   .   U - +0 acid dragon scales
rPois    +         Reflect  .   y - +0 helmet
rElec    .         Harm     .   D - +2 cloak {Will+}
rCorr    +         Rampage  .   R - +0 pair of gloves
Will     +++..                  n - +0 pair of boots
Stlth    ++++......             l - amulet of regeneration
HPRegen  1.22/turn              o - ring of willpower
MPRegen  0.17/turn              w - ring of poison resistance

@: lethally poisoned (-4 -> -29)
A: clever 1, strong 1
a: Renounce Religion


You were on level 12 of the Dungeon.
You worshipped Vehumet.
Vehumet was greatly pleased with you.
You visited 1 branch of the dungeon, and saw 12 of its levels.
You also visited: Bailey.

You collected 926 gold pieces.
You spent 289 gold pieces at shops.

Inventory:

Hand Weapons
 b - a +1 hunting sling (weapon)
 c - the +5 hand axe of Sufegoh {elec, Int+7}
   (You found it on level 9 of the Dungeon)

   Occasionally, upon striking a foe, it can discharge electrical energy and
   cause terrible harm.
   It affects your intelligence (+7).
 p - a +2 dagger of venom
 P - a +5 spectral quarterstaff
Missiles
 k - 3 silver boomerangs
 q - 36 sling bullets (quivered ammo)
 F - 37 boomerangs
 G - 155 stones
 W - 33 poisoned darts
Armour
 n - a +0 pair of boots (worn)
 y - a +0 helmet (worn)
 D - a +2 cloak of willpower (worn)
 J - a +2 ring mail of cold resistance
 Q - a +0 troll leather armour
 R - a +0 pair of gloves (worn)
 U - +0 acid dragon scales (worn)
Magical Staves
 a - a staff of conjuration
 j - a staff of earth
Jewellery
 l - an amulet of regeneration (around neck)
 o - a ring of willpower (right hand)
 u - a ring of fire
 v - an amulet of guardian spirit
 w - a ring of poison resistance (left hand)
 B - a ring of ice
 K - a ring of flight
 V - a +6 ring of dexterity
Wands
 r - a wand of digging (3)
 A - a wand of acid (9)
 O - a wand of flame (21)
 S - a wand of charming (9)
Scrolls
 f - a scroll of torment
 h - a scroll of fog
 m - a scroll of brand weapon {unknown}
 t - 2 scrolls of magic mapping
 z - 3 scrolls of enchant armour
 C - a scroll of summoning {unknown}
 E - 2 scrolls of vulnerability
 H - a scroll of holy word {unknown}
 I - a scroll of fear
 M - 2 scrolls of enchant weapon
Potions
 d - 4 potions of curing
 e - 3 potions of lignification
 g - 3 potions of flight
 i - a potion of resistance
 s - 2 potions of mutation
 x - a potion of ambrosia {unknown}
 L - 3 potions of haste
 N - a potion of berserk rage {unknown}
 T - a potion of cancellation


   Skills:
 - Level 7.0 Fighting
 - Level 5.0 Armour
 - Level 9.0 Dodging
 - Level 9.0 Stealth
 - Level 5.0 Spellcasting
 - Level 9.0 Conjurations
 + Level 11.6 Hexes
 - Level 9.0 Translocations
 - Level 5.0 Transmutations
 - Level 5.0 Fire Magic
 + Level 2.3 Air Magic
 + Level 2.6 Poison Magic
 - Level 5.0 Evocations


You had 2 spell levels left.
You knew the following spells:

 Your Spells              Type           Power      Damage    Failure   Level
a - Magic Dart            Conj           100%       1d8       1%          1
b - Searing Ray           Conj           100%       3d7       1%          2
c - Fulminant Prism       Conj/Hex       30%        3d16      1%          4
d - Iskenderun's Mystic   Conj/Tloc      55%        2d12      1%          4
i - Ignite Poison         Fire/Tmut/Pois 30%        N/A       1%          3
k - Blink                 Tloc           N/A        N/A       1%          2
m - Mephitic Cloud        Conj/Pois/Air  33%        N/A       1%          3

Your spell library contained the following spells:

 Spells                   Type           Power      Damage    Failure   Level
 Apportation              Tloc           100%       N/A       1%          1
 Corona                   Hex            71%        N/A       1%          1
 Ensorcelled Hibernation  Hex/Ice        78%        N/A       1%          2
 Slow                     Hex            64%        N/A       1%          2
 Animate Skeleton         Necr           14%        N/A       11%         1
 Pain                     Necr           28%        1d5       11%         1
 Call Imp                 Summ           7%         N/A       17%         2
 Confusing Touch          Hex            64%        N/A       1%          3
 Conjure Flame            Conj/Fire      46%        6-21      1%          3
 Dazzling Flash           Conj/Hex       100%       N/A       1%          3
 Lesser Beckoning         Tloc           27%        N/A       1%          3
 Tukima's Dance           Hex            64%        N/A       1%          3
 Invisibility             Hex            64%        N/A       14%         6
 Vampiric Draining        Necr           3%         2d6       32%         3
 Alistair's Intoxication  Tmut/Pois      18%        N/A       54%         5
 Animate Dead             Necr           3%         N/A       73%         4
 Agony                    Necr           7%         N/A       97%         5


Dungeon Overview and Level Annotations

Branches:
Dungeon (12/15)            Temple (0/1) D:5            Lair (0/6) D:8
    Orc (0/2) D:11         Bailey (visited)

Altars:
Ashenzari
Gozag
Hepliaklqana
Kikubaaqudgha
Qazlal
Vehumet
Wu Jian
Xom
Yredelemnul

Shops:
D:5 (   D:10 !

Annotations:
D:12 3 runed translucent doors


Innate Abilities, Weirdness & Mutations

Your mind is acute. (Int +2)
Your muscles are strong. (Str +2)


Message History

The wolf spider is almost dead.
The searing ray hits the meliai.
The meliai is lightly wounded. (Press . to maintain the ray.)
The meliai mumbles some strange prayers to its god against you.
Something smites you!
Casting: Searing Ray (safe; 1% risk of failure)
Confirm with . or Enter, or press ? or * to list all spells.
You don't know that spell.
Unknown command.
Casting: Searing Ray (safe; 1% risk of failure)
Confirm with . or Enter, or press ? or * to list all spells.
Aiming: Searing Ray (safe; 1% risk of failure)
Press: ? - help, Shift-Dir - straight line, f/p - meliai
Aim: a meliai, wielding a +0 hand axe and wearing a +0 robe (lightly wounded, 26% to evade)
Okay, then.
Unknown command.
Unknown command.
Casting: Searing Ray (safe; 1% risk of failure)
Confirm with . or Enter, or press ? or * to list all spells.
Aiming: Searing Ray (safe; 1% risk of failure)
Press: ? - help, Shift-Dir - straight line, f/p - meliai
Aim: a meliai, wielding a +0 hand axe and wearing a +0 robe (lightly wounded, 26% to evade)
The searing ray hits the wolf spider!
The wolf spider is almost dead.
The searing ray misses the meliai. (Press . to maintain the ray.)
The searing ray hits the meliai!
The meliai is heavily wounded.
The meliai hits you with a +0 hand axe.
The meliai stings you but does no damage.
The wolf spider hits you!
* * * LOW HITPOINT WARNING * * *
The wolf spider bites you!
* * * LOW HITPOINT WARNING * * *
You are lethally poisoned!
The wolf spider poisons you! The wolf spider barely misses you.
The wolf spider bites you but does no damage.
The meliai hits you but does no damage. The meliai stings you!
You die...

.P..#..#.#.#.##.##.####...[..#
#
...##..#.#.#...##.)###.......#
#
...#....#....#.#..###........#
#
..##.#..#..†##..[####....[.###
# ..#...##.#..#..#####.....<##
.##...........#####.....###
.#.....P...######......##
##.##..y...#####....##..###
.......#..###..s@######...###
....⌠.##(......y.# ###...#####
................## ##.......).
............†##.# ##...######.
................# ##.....# ##
....>........#### ##......## #
.............# ##........# #
.............## ##.........# #
..........(...# ##..........#
#


You could see a wolf spider and a meliai.

Vanquished Creatures
  A boulder beetle (D:10)
  A hydra (D:12)
  2 death yaks (D:8)
  2 two-headed ogres (D:12)
  A wizard (D:10)
  Pikel (D:4)
  An orange crystal statue (D:11)
  3 deep elf pyromancers
  An orc knight (Bailey)
  2 cyclopes
  4 ugly things
  2 manticores (D:12)
  Joseph (D:8)
  2 centaur zombies (D:11)
  2 unseen horrors
  A kobold demonologist (D:11)
  A tengu conjurer (D:10)
  8 trolls
  A meliai (D:12)
  A hornet (D:9)
  Prince Ribbit (D:7)
  10 slime creatures
  A vampire (D:10)
  3 wraiths
  2 wyverns
  20 yaks
  2 vampire mosquitoes (D:12)
  An acid dragon (D:10)
  3 water moccasins
  10 orc warriors
  2 sky beasts
  2 ice beasts
  3 centaurs
  3 ogres
  2 phantoms
  A bullfrog (D:8)
  2 kobold brigands
  A wyvern zombie (D:8)
  2 scorpions
  A water moccasin skeleton (D:7)
  28 killer bees
  6 wights
  6 howler monkeys
  3 hounds
  A jelly (D:6)
  Crazy Yiuf (D:4)
  7 orc priests
  A bullfrog skeleton (D:6)
  3 hell rats (D:8)
  2 iguanas (D:5)
  13 orc wizards
  2 hound skeletons
  2 adders
  4 gnolls
  3 white imps
  An ufetubus (D:4)
  A worm (D:2)
  A dart slug (D:5)
  41 orcs
  8 ball pythons
  4 endoplasms
  4 giant cockroaches
  7 hobgoblins
  4 jackals (D:5)
  4 quokkas
  7 bats
  3 frilled lizards
  12 goblins
  30 kobolds
  6 rats
325 creatures vanquished.

Vanquished Creatures (others)
  122 fulminant prisms
  10 plants (D:12)
132 creatures vanquished.

Grand Total: 457 creatures vanquished

Notes
Turn   | Place    | Note
-------+----------+-------------------------------------------
     0 | D:1      | porpoise the Deep Elf Conjurer began the quest for the Orb.
     0 | D:1      | Reached XP level 1. HP: 10/10 MP: 6/6
   402 | D:1      | Reached XP level 2. HP: 15/15 MP: 5/8
   405 | D:1      | Learned a level 2 spell: Searing Ray
  1505 | D:2      | Reached skill level 5 in Conjurations
  1505 | D:2      | Reached XP level 3. HP: 19/19 MP: 5/10
  1959 | D:3      | Found a basalt altar of Yredelemnul.
  2389 | D:3      | Reached XP level 4. HP: 24/24 MP: 6/12
  2481 | D:3      | Reached skill level 5 in Spellcasting
  2486 | D:3      | Learned a level 4 spell: Fulminant Prism
  2491 | D:3      | Learned a level 4 spell: Iskenderun's Mystic Blast
  3058 | D:4      | Reached XP level 5. HP: 28/28 MP: 6/14
  3132 | D:4      | Reached skill level 1 in Fighting
  3169 | D:4      | Noticed a phantom
  3175 | D:4      | Killed a phantom
  3284 | D:4      | Noticed Pikel
  3285 | D:4      | Noticed a lemure
  3290 | D:4      | Killed Pikel
  3291 | D:4      | Reached XP level 6. HP: 15/39 MP: 6/15
  3291 | D:4      | Reached XP level 7. HP: 17/44 MP: 6/16
  3488 | D:4      | Found a broken altar of Ashenzari.
  3545 | D:4      | Reached skill level 5 in Fighting
  3545 | D:4      | Reached skill level 1 in Hexes
  3787 | D:4      | Reached skill level 1 in Translocations
  3824 | D:4      | Reached skill level 2 in Hexes
  3999 | D:4      | Found a runed translucent door.
  4000 | D:4      | Noticed Crazy Yiuf
  4006 | D:4      | Killed Crazy Yiuf
  4063 | D:4      | Found an opulent altar of Gozag.
  4063 | D:4      | Found a radiant altar of Vehumet.
  4072 | D:4      | Found a shimmering altar of Xom.
  4076 | D:4      | Found a hazy altar of Hepliaklqana.
  4077 | D:4      | Found an ornate altar of the Wu Jian Council.
  4089 | D:4      | Became a worshipper of Vehumet
  4277 | D:5      | Entered Level 5 of the Dungeon
  4311 | D:5      | Reached skill level 3 in Hexes
  4311 | D:5      | Reached XP level 8. HP: 49/49 MP: 12/17
  4343 | D:5      | Found a staircase to the Ecumenical Temple.
  4650 | D:5      | Reached skill level 4 in Hexes
  4726 | D:5      | Found Jaejuali's Antique Weapon Boutique.
  4953 | D:5      | Found a stormy altar of Qazlal.
  5003 | D:5      | Upgraded the game from 0.27-a0-773-gaaee5cf45b to
                  | 0.27-a0-789-g6bb3289e1e
  5086 | D:5      | Found a hazy altar of Hepliaklqana.
  5277 | D:6      | Found an ancient bone altar of Kikubaaqudgha.
  5345 | D:6      | Reached skill level 5 in Dodging
  5345 | D:6      | Reached skill level 5 in Hexes
  5411 | D:6      | Reached skill level 1 in Evocations
  5572 | D:6      | Reached * piety under Vehumet
  5572 | D:6      | Offered knowledge of Foxfire by Vehumet.
  6363 | D:7      | Noticed Prince Ribbit
  6370 | D:7      | Killed Prince Ribbit
  6371 | D:7      | Reached skill level 5 in Translocations
  6371 | D:7      | Reached XP level 9. HP: 54/54 MP: 12/18
  6420 | D:7      | Reached skill level 5 in Stealth
  6749 | D:7      | Reached skill level 6 in Hexes
  6839 | D:7      | Found a flagged portal.
  6848 | Bailey   | Entered a bailey
  6981 | Bailey   | Noticed an orc knight
  7518 | Bailey   | Offered knowledge of Freeze by Vehumet.
  7576 | Bailey   | Reached skill level 7 in Hexes
  7576 | Bailey   | Reached skill level 5 in Evocations
  7579 | Bailey   | Learned a level 2 spell: Blink
  8151 | Bailey   | Reached ** piety under Vehumet
  8160 | Bailey   | Killed an orc knight
  8161 | Bailey   | Reached skill level 8 in Hexes
  8786 | D:7      | Reached skill level 9 in Hexes
  9173 | D:8      | Noticed a death yak
  9177 | D:8      | Noticed a death yak
  9181 | D:8      | Noticed a death yak
  9185 | D:8      | Found a staircase to the Lair.
  9198 | D:7      | Gained mutation: Your muscles are strong. (Str +2) [potion
                  | of mutation]
  9198 | D:7      | Gained mutation: Your mind is acute. (Int +2) [potion of
                  | mutation]
  9520 | D:8      | Reached XP level 10. HP: 59/59 MP: 14/19
  9571 | D:8      | Noticed Joseph
  9590 | D:8      | Killed Joseph
  9950 | D:8      | Killed a death yak
  9951 | D:8      | Killed a death yak
 10192 | D:8      | Offered knowledge of Static Discharge by Vehumet.
 11139 | D:9      | Reached XP level 11. HP: 56/63 MP: 10/20
 11214 | D:9      | Identified the +5 hand axe of Sufegoh {elec, Int+7}
 11902 | D:10     | Entered Level 10 of the Dungeon
 11902 | D:10     | Found Qejipuwn's Distillery.
 11968 | D:9      | Reached *** piety under Vehumet
 12030 | D:10     | Bought a potion of degeneration for 17 gold pieces
 12031 | D:10     | Bought a potion of invisibility for 136 gold pieces
 12031 | D:10     | Bought a potion of cancellation for 136 gold pieces
 12649 | D:10     | Reached skill level 1 in Armour
 12959 | D:10     | Noticed a wizard
 12968 | D:10     | Noticed a cyan ugly thing
 12972 | D:10     | Killed a wizard
 12979 | D:10     | Killed a cyan ugly thing
 13776 | D:11     | Noticed a boulder beetle
 14831 | D:10     | Killed a boulder beetle
 14832 | D:10     | Reached skill level 5 in Armour
 15393 | D:11     | Noticed a deep elf pyromancer
 15400 | D:11     | Killed a deep elf pyromancer
 15438 | D:11     | Noticed an orange crystal statue
 15926 | D:11     | Offered knowledge of Inner Flame by Vehumet.
 16088 | D:11     | Found a staircase to the Orcish Mines.
 16194 | D:11     | Noticed a sixfirhy
 16208 | D:11     | Reached skill level 10 in Hexes
 16208 | D:11     | Reached XP level 12. HP: 25/69 MP: 3/21
 16737 | D:11     | Noticed a two-headed ogre
 17014 | D:12     | Reached **** piety under Vehumet
 17040 | D:11     | Reached skill level 11 in Hexes
 17325 | D:11     | Offered knowledge of Ignite Poison by Vehumet.
 17330 | D:11     | Learned a level 3 spell: Ignite Poison
 17334 | D:11     | Learned a level 3 spell: Mephitic Cloud
 17615 | D:12     | Noticed a six-headed hydra
 17622 | D:12     | Killed a six-headed hydra
 17623 | D:12     | Reached skill level 1 in Transmutations
 17623 | D:12     | Reached skill level 1 in Fire Magic
 18573 | D:12     | Noticed a two-headed ogre
 18650 | D:12     | Killed a two-headed ogre
 18651 | D:12     | Reached skill level 5 in Transmutations
 18651 | D:12     | Reached skill level 5 in Fire Magic
 18689 | D:12     | Noticed a two-headed ogre
 18697 | D:12     | Killed a two-headed ogre
 18698 | D:12     | Reached skill level 1 in Air Magic
 18698 | D:12     | Reached skill level 1 in Poison Magic
 18950 | D:12     | Found a runed translucent door.
 18951 | D:12     | Found a runed translucent door.
 18952 | D:12     | Noticed a merfolk impaler
 18952 | D:12     | Noticed a merfolk avatar
 18964 | D:12     | Found a runed translucent door.
 19911 | D:12     | HP: 2/72 [wolf spider (shapeshifter) (10)]
 19942 | D:12     | HP: 3/72 [wolf spider (shapeshifter) (8)]
 19942 | D:12     | Slain by a meliai

Illustrated notes

Levels and vault maps discovered:
D:1:      onia_arrival_pyramid, layout_loops_cross, roderic_lattice_a,
          minivault_4
D:2:      layout_basic, minmay_pentomino_r2
D:3:      cheibrodos_pilgrimage, layout_basic, old_standard_altar,
          chequers_serial_rivers_room_a, roderic_serpentine_path
D:4:      layout_cave_pools, kennysheep_little_box,
          chequers_temple_overflow_minitemple, uniq_pikel,
          uniq_crazy_yiuf_cottage
D:5:      layout_loops_ring, minmay_temple_entry_stoned_glass, basic_altar,
          serial_shops, nicolae_shop_crystal, nicolae_qazlal_eye_of_the_storm
D:6:      layout_loops_ring, nicolae_kikubaaqudgha_miasma_corner
D:7:      layout_basic, enter_bailey_8, uniq_prince_ribbit1
D:8:      layout_basic, dpeg_lair_monsters, uniq_joseph
D:9:      layout_basic, item_on_display_a
D:10:     layout_layer_cave, serial_shops, shop, minmay_diamond_spiral
D:11:     layout_cave_pools, david_orc_2, minivault_16
D:12:     regret_index_wax_grids, layout_cave_pods, mikee_hates_you

Skill      XL: |  1  2  3  4  5  6  7  8  9 10 11 12 |
---------------+-------------------------------------+-----
Spellcasting   | 4 5 |  5.0
Conjurations   | 5 6 7 9 |  9.0
Fighting       | 4 5 7 |  7.0
Hexes          | 3 5 9 10 11 | 11.6
Translocations | 2 5 7 9 |  9.0
Dodging        | 3 5 6 9 |  9.0
Evocations     | 2 5 |  5.0
Stealth        | 4 7 9 |  9.0
Armour         | 5 |  5.0
Transmutations | 5 |  5.0
Fire Magic     | 5 |  5.0
Air Magic      | 2 |  2.3
Poison Magic   | 2 |  2.6

Action                   |  1- 3 |  4- 6 |  7- 9 | 10-12 || total
-------------------------+-------+-------+-------+-------++-------
Melee: Short sword       |     6 |       |       |       ||     6
       Whip              |       |       |     1 |       ||     1
       Quarterstaff      |       |       |     1 |    11 ||    12
       Dagger            |       |       |       |     4 ||     4
       Staff             |       |       |       |    10 ||    10
       Hand axe          |       |       |       |     3 ||     3
       Hunting sling     |       |       |       |     1 ||     1
 Fire: Hunting sling     |     1 |    14 |    84 |    84 ||   183
Throw: Dart              |       |       |       |     1 ||     1
       Boomerang         |       |       |       |     1 ||     1
 Cast: Magic Dart        |    46 |    13 |    30 |    11 ||   100
       Searing Ray       |     9 |    12 |    64 |   139 ||   224
       Fulminant Prism   |       |       |    33 |    90 ||   123
       Iskenderun's Myst |       |       |     2 |    23 ||    25
       Blink             |       |       |     1 |     1 ||     2
Evoke: Wand              |       |       |       |     3 ||     3
  Use: Scroll            |       |     3 |     6 |     9 ||    18
       Potion            |       |       |     5 |     4 ||     9
 Stab: Sleeping          |     1 |       |     1 |     2 ||     4
       Distracted        |       |       |       |     1 ||     1
Armor: Robe              |     4 |     2 |    10 |     9 ||    25
       Acid dragon scale |       |       |       |   135 ||   135
Dodge: Dodged            |     4 |    10 |    25 |   206 ||   245

Table legend: (Time is in decaauts)
 A = Elapsed time spent in this place.
 B = Non-inter-level travel time spent in this place.
 C = Inter-level travel time spent in this place.
 D = Time resting spent in this place.
 E = Time spent auto-exploring this place.
 F = Levels seen in this place.
 G = Mean time per level.
                   A        B        C        D        E       F      G
               +--------+--------+--------+--------+--------+-----+--------+
         Total |  19976 |  19222 |    754 |   8264 |   8085 |  13 | 1536.6 |
       Dungeon |  18529 |  17775 |    754 |   7391 |   7896 |  12 | 1544.1 |
        Bailey |   1446 |   1446 |      0 |    873 |    189 |   1 | 1446.0 |
               +--------+--------+--------+--------+--------+-----+--------+

Top non-repeatable levels by time:
    D:10: 2531 daAuts
    D:12: 2445 daAuts
    D:11: 2300 daAuts
     D:8: 1656 daAuts
     D:9: 1591 daAuts
  Bailey: 1446 daAuts
     D:7: 1420 daAuts
     D:6: 1298 daAuts
     D:3: 1245 daAuts
     D:1: 1232 daAuts
     D:4: 1177 daAuts
     D:5: 1002 daAuts
     D:2: 628 daAuts
